 Dungeon Crawl Stone Soup version 0.29.1-12-g30fa7ad0bf (webtiles) character file.

Game seed: 12401085389517128481

24 xian the Firebug (level 2, -1/20 HPs)
             Began as a Draconian Fire Elementalist on Dec 25, 2022.
             Slain by a gnoll
             ... wielding a +4 spear
              (9 damage)
             ... on level 2 of the Dungeon.
             The game lasted 00:01:59 (813 turns).

xian the Firebug (Draconian Fire Elementalist)       Turns: 813, Time: 00:02:00

Health: -1/20      AC:  4    Str: 10    XL:     2   Next: 79%
Magic:  1/5        EV: 12    Int: 15    God:
Gold:   26         SH:  0    Dex: 11    Spells: 4/5 levels left

rFire   . . .      SeeInvis .   l - +2 short sword (venom)
rCold   . . .      Faith    .   (no shield)
rNeg    . . .      Spirit   .   (body armour unavailable)
rPois   .          Reflect  .   (helmet restricted)
rElec   .          Harm     .   (no cloak)
rCorr   .          Rampage  .   (no gloves)
Will    .....                   (no boots)
Stlth   ++........              (no amulet)
HPRegen 0.06/turn               (no ring)
MPRegen 0.09/turn               (no ring)

@: no status effects
A: AC +4, unfitting armour, cold-blooded
a: no special abilities


You were on level 2 of the Dungeon.
You visited 1 branch of the dungeon, and saw 2 of its levels.

You collected 26 gold pieces.

Inventory:

Hand Weapons
 l - a +2 short sword of venom (weapon)
Scrolls
 b - a scroll of teleportation {unknown}
 e - a scroll of fog {unknown}
 f - 2 scrolls of blinking {unknown}
 g - a scroll of enchant armour {unknown}
 h - a scroll of identify {unknown}
Potions
 a - a potion of magic
 c - 2 potions of haste {unknown}
 i - a potion of might {unknown}
 j - a potion of curing {unknown}
 k - a potion of heal wounds {unknown}


   Skills:
 + Level 1.9 Dodging
 + Level 2.0 Stealth
 + Level 2.3 Spellcasting
 + Level 1.3 Conjurations
 + Level 3.4 Fire Magic


You had 4 spell levels left.
You knew the following spells:

 Your Spells              Type           Power      Damage    Failure   Level
a - Foxfire               Conj/Fire      36%        2x1d5     8%          1

Your spell library contained the following spells:

 Spells                   Type           Power      Damage    Failure   Level
 Scorch                   Fire           24%        2d6       8%          2
 Conjure Flame            Conj/Fire      9%         6-21      24%         3
 Inner Flame              Hex/Fire       6%         N/A       32%         3
 Stone Arrow              Conj/Erth      6%         3d7       43%         3
 Flame Wave               Conj/Fire      9%         2d6       61%         4
 Lehudib's Crystal Spear  Conj/Erth      1%         10d2      100%        8
 Animate Armour           Summ/Erth      Unusable   N/A       N/A         4

Dungeon Overview and Level Annotations

Branches:
Dungeon (2/15)

Altars:


Innate Abilities, Weirdness & Mutations

Your plain brown scales are hard. (AC +4)
You cannot fit into any form of body armour.
You are cold-blooded and may be slowed by cold attacks.


Message History

a +2 vampiric dagger; a goblin corpse You closely miss the gnoll.
The gnoll is severely wounded.
The gnoll hits you with a +0 flail.
You closely miss the gnoll.
The gnoll is severely wounded.
The gnoll shouts!
The gnoll hits you with a +0 flail.
Unknown command.
You barely miss the gnoll.
The hobgoblin shouts!
You tail-slap the gnoll.
The gnoll is almost dead.
The gnoll closely misses you.
You hit the gnoll.
You kill the gnoll!
A gnoll comes into view. It is wielding a +4 spear.
You see here a +0 flail.
Unknown command.
The hobgoblin attacks as you move away! The hobgoblin hits you.
Things that are here:
a +2 vampiric dagger; a goblin corpse You conjure some foxfire!
The hobgoblin hits you but does no damage.
You are out of magic!
Unknown command.
You closely miss the hobgoblin.
The foxfire hits the gnoll.
The gnoll is moderately wounded.
The foxfire hits the hobgoblin but does no damage.
The hobgoblin misses you.
You hit the hobgoblin.
The hobgoblin is poisoned.
The hobgoblin is almost dead.
The gnoll closely misses you. The hobgoblin closely misses you.
You hit the hobgoblin.
You kill the hobgoblin!
The gnoll barely misses you.
The gnoll hits you from afar with a +4 spear.
Unknown command.
The gnoll hits you from afar with a +4 spear!
You die...

#.#.# # #
#.#.#.#.#
#.#.#.#.
##g####.... .
........#.#.#
####)#.#.#
#.#...g....#
#.....††.#####..#
#.#.#.g@.<.......
# #.##.######...#
# ...# . #.##.#
.. ... ## #.# #..
#..


You could see 2 gnolls.

Vanquished Creatures
  A gnoll (D:2)
  A giant cockroach (D:1)
  3 goblins
  3 hobgoblins
  A ball python (D:1)
  3 bats
  A frilled lizard (D:1)
  3 rats (D:1)
16 creatures vanquished.

Vanquished Creatures (others)
  54 foxfires
54 creatures vanquished.

Grand Total: 70 creatures vanquished

Notes
Turn   | Place    | Note
-------+----------+-------------------------------------------
     0 | D:1      | xian the Draconian Fire Elementalist began the quest for
                  | the Orb.
     0 | D:1      | Reached XP level 1. HP: 14/14 MP: 3/3
   427 | D:1      | Reached XP level 2. HP: 20/20 MP: 0/5
   813 | D:2      | Slain by a gnoll

Illustrated notes

Levels and vault maps discovered:
D:1:      lemuel_arrival_behind_the_door_small, layout_rooms
D:2:      layout_basic, shapermc_ecumenical_altar_mp_highgroup, basic_altar

Skill      XL: |  1 |
---------------+----+-----
Stealth        | 2 |  2.0
Dodging        | |  1.9
Spellcasting   | |  2.3
Conjurations   | |  1.3
Fire Magic     | |  3.4

Action                   || total
-------------------------++-------
Melee: Spear             ||     4
       Unarmed           ||     3
       Short sword       ||     7
       Tailslap          ||     1
 Cast: Foxfire           ||    31
Armor: Skin              ||     5
Dodge: Dodged            ||    10
